 Dungeon Crawl Stone Soup version 0.29.0-4-gdea44cf6ec (webtiles) character file.

Game seed: 11500832419504006989

2566 qw the Cleaver (level 9, -2/118 HPs)
             Began as a Minotaur Berserker on Sept 6, 2022.
             Was a Believer of Trog.
             Slain by a hellwing (4 damage)
             ... on level 7 of the Dungeon.
             The game lasted 00:01:56 (6993 turns).

qw the Cleaver (Minotaur Berserker)                 Turns: 6993, Time: 00:01:56

Health: -2/118     AC:  4    Str: 26    XL:     9   Next: 31%
Magic:  8/8        EV: 10    Int:  4    God:    Trog [**....]
Gold:   26         SH:  0    Dex: 10    Spells: 8/8 levels left

rFire   . . .      SeeInvis .   Y - +2 hand axe
rCold   . . .      Faith    .   (no shield)
rNeg    . . .      Spirit   .   h - +0 scale mail
rPois   .          Reflect  .   (helmet restricted)
rElec   .          Harm     .   (no cloak)
rCorr   .          Rampage  .   (no gloves)
Will    .....                   b - +0 pair of boots
Stlth   ..........              (no amulet)
HPRegen 0.29/turn               (no ring)
MPRegen 0.11/turn               (no ring)

@: berserking (expiring), corroded, very quick
A: horns 2, retaliatory headbutt
a: Renounce Religion, Berserk, Trog's Hand


You were on level 7 of the Dungeon.
You worshipped Trog.
Trog was pleased with you.
You visited 1 branch of the dungeon, and saw 7 of its levels.

You collected 274 gold pieces.
You spent 248 gold pieces at shops.


Innate Abilities, Weirdness & Mutations

You have a pair of horns on your head.
You reflexively headbutt those who attack you in melee.


   Skills:
 - Level 7.1 Fighting
 - Level 13.4 Axes
 - Level 2.3 Throwing
 - Level 3.9 Armour
 + Level 2.1 Dodging


You had 8 spell levels left.
You didn't know any spells.
Your spell library was empty.

Inventory:

Hand Weapons
 a - a +0 morningstar
 Y - a +2 hand axe (weapon)
Missiles
 f - 5 javelins (quivered)
Armour
 b - a +0 pair of boots (worn)
 c - a +0 plate armour
 h - a +0 scale mail (worn)
Jewellery
 g - a ring of ice
Scrolls
 e - a scroll of identify
 i - 6 scrolls of teleportation
Potions
 d - a potion of berserk rage {unknown}
 j - a potion of might
 k - 3 potions of curing
 l - 5 potions of heal wounds
 m - a potion of resistance {unknown}
 n - a potion of mutation {unknown}

Dungeon Overview and Level Annotations

Branches:
Dungeon (7/15)             Temple (0/1) D:6

Altars:
Ashenzari
Vehumet
Yredelemnul

Shops:
D:6 ?=!![


Message History

The centaur warrior zombie barely misses you.
The centaur warrior zombie kicks you but does no damage.
The centaur warrior zombie hits you! The centaur warrior zombie kicks you.
You slash the centaur warrior zombie!
You destroy the centaur warrior zombie!
Trog accepts your kill.
You hit the centaur warrior zombie.
You have reached level 9!
Your experience leads to an increase in your attributes!
Increase (S)trength, (I)ntelligence, or (D)exterity?
You feel stronger. x2
You slice the centaur warrior zombie!!
The centaur warrior zombie is heavily damaged.
The centaur warrior zombie hits you.
The centaur warrior zombie kicks you but does no damage.
You slice the centaur warrior zombie!!
You headbutt the centaur warrior zombie.
The centaur warrior zombie is severely damaged.
A hellwing comes into view.
The hellwing gives a chilling moan.
You slash the centaur warrior zombie!
The centaur warrior zombie is almost destroyed.
You slash the jelly!
Your hands burn!
The centaur warrior zombie hits you.
The centaur warrior zombie kicks you but does no damage.
You slash the centaur warrior zombie!
The centaur warrior zombie is almost destroyed.
You hit the jelly.
Your hands burn!
The jelly hits you. The acid corrodes you!
You are splashed with acid!
The centaur warrior zombie hits you. The centaur warrior zombie kicks you.
You slash the centaur warrior zombie!
You destroy the centaur warrior zombie!
Trog accepts your kill.
You slash the jelly!
You kill the jelly!
Trog accepts your kill.
Your Axes skill increases to level 13!
The hellwing swoops through the air toward you!
The hellwing hits you! The hellwing hits you.
You die...

....#...# .88....
#..#...# ### ..4....
#..#...## #<#
....... #.......#
#.#
8......###.##....#
#.#
8...........###.#
#.#
P..8.###....##.###.#
#........##.....###
#.@.##...#......#..
#.4.###'##.####.#.#
#.#)# #.##.####)).#
#.... #.#<......###
....#.#...###.#.#
####...#.#.......#
##. #.#.###.### #..
#. ..<.. . #########


You could see 2 hellwings.

Vanquished Creatures
  2 centaur zombies (D:7)
  Eustachio (D:5)
  A water moccasin (D:6)
  A black bear (D:6)
  An orc warrior (D:7)
  2 ice beasts
  4 ogres
  2 centaurs
  A phantom (D:5)
  Blork the orc (D:6)
  2 scorpions
  3 hounds
  2 orc priests (D:7)
  4 jellies
  A boggart zombie (D:7)
  2 iguanas
  An orc wizard (D:7)
  7 adders
  2 shadow imps
  3 worms
  3 dart slugs
  7 orcs
  4 ball pythons
  7 bats
  7 endoplasms
  3 giant cockroaches
  8 goblins
  4 hobgoblins
  4 jackals (D:4)
  5 quokkas
  3 frilled lizards (D:2)
  6 kobolds
  7 rats
111 creatures vanquished.

Vanquished Creatures (others)
  12 plants (D:3)
  11 withered plants (D:7)
23 creatures vanquished.

Grand Total: 134 creatures vanquished

Notes
Turn   | Place    | Note
-------+----------+-------------------------------------------
     0 | D:1      | qw the Minotaur Berserker began the quest for the Orb.
     0 | D:1      | Reached XP level 1. HP: 19/19 MP: 0/0
     0 | D:1      | 0 ||| qw: Version: 0.1-a-108-g9e35731
     0 | D:1      | 0 ||| qw: Game counter: 6309
     0 | D:1      | 0 ||| qw: Always use a shield: true
     0 | D:1      | 0 ||| qw: Do Orc after D:15 true
     0 | D:1      | 0 ||| qw: Do second Lair branch before Depths: true
     0 | D:1      | 0 ||| qw: Lair rune preference: random
     0 | D:1      | 0 ||| qw: Plans: Normal
     0 | D:1      | 0 ||| PLANNING D:1-11
   138 | D:1      | Reached skill level 4 in Axes
   166 | D:1      | Reached XP level 2. HP: 26/26 MP: 1/1
   223 | D:1      | 223 ||| Stepping ~*~*~tactically~*~*~ (stealth).
   225 | D:1      | 225 ||| Stepping ~*~*~tactically~*~*~ (stealth).
   226 | D:1      | 226 ||| Stepping ~*~*~tactically~*~*~ (stealth).
   258 | D:1      | 258 ||| Stepping ~*~*~tactically~*~*~ (stealth).
   261 | D:1      | 261 ||| Stepping ~*~*~tactically~*~*~ (stealth).
   266 | D:1      | 266 ||| Stepping ~*~*~tactically~*~*~ (stealth).
   276 | D:1      | 276 ||| Stepping ~*~*~tactically~*~*~ (stealth).
   311 | D:1      | 311 ||| Stepping ~*~*~tactically~*~*~ (stealth).
   313 | D:1      | 313 ||| Stepping ~*~*~tactically~*~*~ (stealth).
   352 | D:1      | 352 ||| DROPPING +0 club.
   525 | D:1      | Reached skill level 5 in Axes
   639 | D:1      | Found a faded altar of an unknown god.
   751 | D:1      | Reached ** piety under Trog
   752 | D:1      | Reached XP level 3. HP: 31/31 MP: 2/2
   983 | D:1      | 983 ||| UPGRADING to +0 scale mail.
   993 | D:1      | 993 ||| DROPPING +0 animal skin.
   994 | D:1      | 994 ||| READING scroll labelled LAXTAN XEKHOU.
   995 | D:1      | 995 ||| READING scroll labelled ZIEGUT KIMIREMN.
   996 | D:1      | 996 ||| READING scroll labelled LOLIYPEDWY.
   997 | D:1      | 997 ||| READING scroll labelled ROXKUERY OPESH.
  1001 | D:1      | 1001 ||| DRINKING 2 lumpy white potions.
  1002 | D:1      | 1002 ||| DRINKING 2 golden potions.
  1003 | D:1      | 1003 ||| DROPPING potion of brilliance.
  1004 | D:1      | 1004 ||| DROPPING potion of degeneration.
  1116 | D:2      | 1116 ||| DROPPING +0 mace.
  1130 | D:2      | 1130 ||| FLEEEEING.
  1131 | D:2      | 1131 ||| FLEEEEING.
  1132 | D:2      | 1132 ||| FLEEEEING.
  1133 | D:2      | 1133 ||| FLEEEEING.
  1134 | D:2      | 1134 ||| FLEEEEING.
  1135 | D:2      | 1135 ||| FLEEEEING.
  1136 | D:2      | 1136 ||| FLEEEEING.
  1137 | D:2      | 1137 ||| FLEEEEING.
  1190 | D:2      | 1190 ||| INVOKING Berserk.
  1551 | D:2      | Reached skill level 6 in Axes
  1551 | D:2      | Reached XP level 4. HP: 39/39 MP: 3/3
  1841 | D:2      | 1841 ||| READING scroll of enchant weapon.
  1841 | D:2      | 1841 ||| ENCHANTING +1 hand axe.
  2063 | D:2      | 2063 ||| DROPPING +3 leather armour.
  2064 | D:2      | 2064 ||| READING scroll labelled INURABL YN SUE.
  2574 | D:3      | 2574 ||| Stepping ~*~*~tactically~*~*~ (stealth).
  2600 | D:3      | 2600 ||| Stepping ~*~*~tactically~*~*~ (stealth).
  2650 | D:3      | Found a broken altar of Ashenzari.
  2655 | D:3      | 2655 ||| Stepping ~*~*~tactically~*~*~ (stealth).
  2660 | D:3      | 2660 ||| Stepping ~*~*~tactically~*~*~ (stealth).
  2862 | D:3      | 2862 ||| Stepping ~*~*~tactically~*~*~ (stealth).
  2881 | D:3      | You fall into a shaft and drop 3 floors!
  2886 | D:6      | 2886 ||| READING 2 scrolls of identify.
  2886 | D:6      | 2886 ||| IDENTIFYING brown potion
  2887 | D:6      | 2887 ||| DROPPING potion of attraction.
  2898 | D:5      | Entered Level 5 of the Dungeon
  2917 | D:4      | Reached XP level 5. HP: 45/45 MP: 4/4
  2951 | D:4      | Noticed an ogre
  2956 | D:4      | 2956 ||| INVOKING Berserk.
  2959 | D:4      | Killed an ogre
  2960 | D:4      | Reached skill level 7 in Axes
  3037 | D:4      | 3037 ||| Stepping ~*~*~tactically~*~*~ (stealth).
  3845 | D:4      | Noticed an ogre
  3850 | D:4      | 3850 ||| INVOKING Berserk.
  3853 | D:4      | Killed an ogre
  3854 | D:4      | Reached skill level 8 in Axes
  3854 | D:4      | Reached XP level 6. HP: 52/52 MP: 5/5
  3905 | D:4      | 3905 ||| Stepping ~*~*~tactically~*~*~ (stealth).
  3911 | D:4      | 3911 ||| INVOKING Berserk.
  4054 | D:4      | Reached skill level 9 in Axes
  4227 | D:4      | 4227 ||| DRINKING 2 metallic inky potions.
  4228 | D:4      | 4228 ||| READING 2 scrolls of identify.
  4228 | D:4      | 4228 ||| IDENTIFYING smoky amethyst potion
  4229 | D:4      | 4229 ||| DROPPING potion of flight.
  4230 | D:4      | 4230 ||| DROPPING potion of invisibility.
  4435 | D:5      | Noticed Eustachio
  4465 | D:5      | 4465 ||| INVOKING Berserk.
  4485 | D:5      | Killed Eustachio
  4486 | D:5      | Reached XP level 7. HP: 62/62 MP: 6/6
  4758 | D:5      | Reached skill level 10 in Axes
  4873 | D:5      | Reached skill level 6 in Fighting
  4936 | D:5      | Found a radiant altar of Vehumet.
  4939 | D:5      | Found a basalt altar of Yredelemnul.
  4943 | D:5      | 4943 ||| INVOKING Berserk.
  5294 | D:5      | 5294 ||| INVOKING Berserk.
  5298 | D:5      | Reached XP level 8. HP: 70/70 MP: 7/7
  5561 | D:5      | 5561 ||| READING scroll labelled DUEL SESUKE.
  5562 | D:5      | 5562 ||| READING scroll labelled MIXTIL OFOL.
  5563 | D:5      | 5563 ||| READING scroll labelled FAMAF NECUME.
  5564 | D:5      | 5564 ||| DRINKING 2 smoky brown potions.
  5582 | D:5      | 5582 ||| DRINKING 3 black potions.
  5583 | D:5      | 5583 ||| READING 4 scrolls of identify.
  5583 | D:5      | 5583 ||| IDENTIFYING fizzy yellow potion
  5584 | D:5      | 5584 ||| READING 3 scrolls of identify.
  5584 | D:5      | 5584 ||| IDENTIFYING viscous clear potion
  5585 | D:5      | 5585 ||| READING 2 scrolls of identify.
  5585 | D:5      | 5585 ||| IDENTIFYING pink potion
  5586 | D:5      | 5586 ||| DROPPING potion of lignification.
  5587 | D:5      | 5587 ||| DROPPING potion of ambrosia.
  5608 | D:6      | Found Koos Diu's Distillery.
  5610 | D:6      | 5610 ||| Stepping ~*~*~tactically~*~*~ (stealth).
  5611 | D:6      | 5611 ||| Stepping ~*~*~tactically~*~*~ (stealth).
  5612 | D:6      | 5612 ||| Stepping ~*~*~tactically~*~*~ (stealth).
  5615 | D:6      | 5615 ||| INVOKING Berserk.
  5715 | D:6      | 5715 ||| DROPPING +0 flail.
  5722 | D:6      | 5722 ||| BUYING potion of curing (42 gold).
  5722 | D:6      | Bought a potion of curing for 42 gold pieces
  5722 | D:6      | 5722 ||| BUYING potion of heal wounds (70 gold).
  5722 | D:6      | Bought a potion of heal wounds for 70 gold pieces
  5722 | D:6      | 5722 ||| BUYING potion of heal wounds (70 gold).
  5722 | D:6      | Bought a potion of heal wounds for 70 gold pieces
  5722 | D:6      | 5722 ||| SHOPLISTING potion of might (56 gold, have 25).
  5722 | D:6      | 5722 ||| SHOPLISTING potion of mutation (112 gold, have
                  | 25).
  5729 | D:6      | Found Qakaug's Jewellery Boutique.
  5748 | D:6      | Reached skill level 11 in Axes
  5790 | D:6      | 5790 ||| FLEEEEING.
  5791 | D:6      | 5791 ||| FLEEEEING.
  5793 | D:6      | 5793 ||| INVOKING Berserk.
  5929 | D:6      | 5929 ||| SHOPLISTING +4 ring of evasion (504 gold, have
                  | 35).
  5929 | D:6      | 5929 ||| SHOPLISTING +4 ring of protection (504 gold, have
                  | 35).
  5929 | D:6      | 5929 ||| SHOPLISTING +6 ring of dexterity (504 gold, have
                  | 35).
  5929 | D:6      | 5929 ||| SHOPLISTING amulet of guardian spirit (420 gold,
                  | have 35).
  5929 | D:6      | 5929 ||| SHOPLISTING amulet of regeneration (420 gold, have
                  | 35).
  5929 | D:6      | 5929 ||| SHOPLISTING ring of see invisible (210 gold, have
                  | 35).
  5929 | D:6      | 5929 ||| SHOPLISTING ring of willpower (350 gold, have 35).
  5993 | D:6      | Found Quut's Distillery.
  6001 | D:6      | Noticed Blork the orc
  6002 | D:6      | 6002 ||| SHOPLISTING potion of cancellation (96 gold, have
                  | 61).
  6004 | D:6      | 6004 ||| INVOKING Berserk.
  6011 | D:6      | Killed Blork the orc
  6016 | D:6      | Reached skill level 12 in Axes
  6024 | D:6      | 6024 ||| Stepping ~*~*~tactically~*~*~ (stealth).
  6026 | D:6      | 6026 ||| Stepping ~*~*~tactically~*~*~ (stealth).
  6087 | D:6      | 6087 ||| Stepping ~*~*~tactically~*~*~ (stealth).
  6091 | D:6      | 6091 ||| Stepping ~*~*~tactically~*~*~ (stealth).
  6093 | D:6      | 6093 ||| Stepping ~*~*~tactically~*~*~ (stealth).
  6214 | D:6      | Found Jallozua's Magic Scroll Shoppe.
  6280 | D:6      | 6280 ||| BUYING scroll of teleportation (33 gold).
  6280 | D:6      | Bought a scroll of teleportation for 33 gold pieces
  6280 | D:6      | 6280 ||| BUYING scroll of teleportation (33 gold).
  6280 | D:6      | Bought a scroll of teleportation for 33 gold pieces
  6362 | D:6      | Found a staircase to the Ecumenical Temple.
  6521 | D:6      | Found Ziakeaq's Armour Emporium.
  6527 | D:6      | 6527 ||| SHOPLISTING +1 chain mail of the Sky {rPois rF+}
                  | (415 gold, have 8).
  6527 | D:6      | 6527 ||| SHOPLISTING +1 pair of boots (172 gold, have 8).
  6527 | D:6      | 6527 ||| SHOPLISTING +3 ring mail of fire resistance (390
                  | gold, have 8).
  6527 | D:6      | 6527 ||| SHOPLISTING +5 leather armour of Apausmup {Str+8
                  | Int-4} (636 gold, have 8).
  6646 | D:6      | 6646 ||| UPGRADING to +0 pair of boots.
  6651 | D:6      | 6651 ||| READING 2 scrolls labelled JIAFI KEDIEGH.
  6652 | D:6      | 6652 ||| READING scroll labelled LICVID OHICSOA.
  6653 | D:6      | 6653 ||| DROPPING scroll of fear.
  6689 | D:7      | 6689 ||| INVOKING Berserk.
  6776 | D:7      | 6776 ||| INVOKING Berserk.
  6780 | D:7      | Reached skill level 3 in Armour
  6839 | D:7      | 6839 ||| Stepping ~*~*~tactically~*~*~ (stealth).
  6842 | D:7      | 6842 ||| Stepping ~*~*~tactically~*~*~ (stealth).
  6863 | D:7      | 6863 ||| Stepping ~*~*~tactically~*~*~ (stealth).
  6864 | D:7      | 6864 ||| Stepping ~*~*~tactically~*~*~ (stealth).
  6889 | D:7      | 6889 ||| Stepping ~*~*~tactically~*~*~ (stealth).
  6900 | D:7      | 6900 ||| Stepping ~*~*~tactically~*~*~ (hiding).
  6901 | D:7      | 6901 ||| Stepping ~*~*~tactically~*~*~ (hiding).
  6949 | D:7      | 6949 ||| Stepping ~*~*~tactically~*~*~ (stealth).
  6951 | D:7      | 6951 ||| Stepping ~*~*~tactically~*~*~ (stealth).
  6983 | D:7      | 6983 ||| INVOKING Berserk.
  6983 | D:7      | Noticed a hellwing
  6988 | D:7      | Reached XP level 9. HP: 39/79 MP: 8/8
  6989 | D:7      | Noticed a hellwing
  6990 | D:7      | HP: 27/118 [centaur warrior zombie (5)]
  6991 | D:7      | HP: 13/118 [centaur warrior zombie (3)]
  6993 | D:7      | Reached skill level 13 in Axes
  6993 | D:7      | HP: 2/118 [hellwing (8)]
  6993 | D:7      | Slain by a hellwing

Levels and vault maps discovered:
D:1:      reono_arrival_forest_river, layout_loops_cross,
          shapermc_ecumenical_altar_ellora, minmay_misc_feat_nine_boxes,
          minmay_misc_feat_encased, chequers_serial_rivers_micro_d
D:2:      layout_basic, kennysheep_flooded_box, roderic_serpentine_path,
          minmay_misc_feat_five
D:3:      layout_loops_corners, mainiacjoe_overflow_catwalk, serial_bayou,
          serial_bayou_shore_b, serial_bayou_crossing, serial_bayou_pond_d,
          serial_bayou_shore_b
D:4:      layout_gridville
D:5:      layout_loops_corners, nicolae_overflow_squiral, uniq_eustachio
D:6:      layout_cave_pools, minmay_temple_entry_glassed_door, serial_shops,
          nicolae_inconvenience_store, shop, nicolae_shop_stone, shop, shop,
          uniq_blork_the_orc
D:7:      cheibrodos_grave_circle, layout_basic, enter_bailey_7

Skill      XL: |  1  2  3  4  5  6  7  8  9 |
---------------+----------------------------+-----
Axes           | 4 5 6 8 9 10 12 13 | 13.4
Fighting       | 4 5 6 7 |  7.1
Throwing       | 2 |  2.3
Armour         | 3 |  3.9
Dodging        | |  2.1

Action                   |  1- 3 |  4- 6 |  7- 9 || total
-------------------------+-------+-------+-------++-------
Melee: Hand axe          |    79 |   107 |   104 ||   290
       Headbutt          |    11 |    14 |    21 ||    46
       Punch             |     1 |     2 |     1 ||     4
Throw: Javelin           |       |       |     5 ||     5
Invok: Berserk           |     1 |     4 |     8 ||    13
  Use: Scroll            |     4 |     4 |     8 ||    16
       Potion            |     2 |     1 |     2 ||     5
 Stab: Distracted        |       |       |     1 ||     1
Armor: Animal skin       |     4 |       |       ||     4
       Scale mail        |    10 |    26 |    30 ||    66
Dodge: Dodged            |    37 |    32 |    38 ||   107

Table legend:
 A = Non-vault XP
 B = Vault XP
 C = Vault XP percentage of total XP
 D = Non-vault monster count
 E = Vault monster count
 F = Vault count percentage of total count
                 A         B        C        D         E       F
            +---------+---------+-------+---------+---------+-------
      Total |    2384 |    1282 |  35.0 |     105 |       6 |   5.4
            +---------+---------+-------+---------+---------+-------
        D:1 |      43 |       0 |   0.0 |      24 |       0 |   0.0
        D:2 |      92 |       0 |   0.0 |      23 |       0 |   0.0
        D:3 |      58 |       0 |   0.0 |      17 |       0 |   0.0
        D:4 |     428 |       0 |   0.0 |      13 |       0 |   0.0
        D:5 |     697 |     203 |  22.6 |       9 |       1 |  10.0
        D:6 |     606 |      94 |  13.4 |      11 |       1 |   8.3
        D:7 |     460 |     985 |  68.2 |       8 |       4 |  33.3
            +---------+---------+-------+---------+---------+-------
